 Dungeon Crawl Stone Soup version 0.30.1-11-g7821555f0a (webtiles) character file.

Game seed: 5718419791554776423

171 Ivernyr the Shield-Bearer (level 5, -13/43 HPs)
             Began as a Formicid Fighter on Dec 6, 2023.
             Mangled by an ogre
             ... wielding a +0 giant spiked club
              (29 damage)
             ... on level 4 of the Dungeon.
             The game lasted 00:03:57 (2355 turns).

Ivernyr the Shield-Bearer (Formicid Fighter)        Turns: 2355, Time: 00:03:58

Health: -13/43     AC:  8    Str: 23    XL:     5   Next: 81%
Magic:  5/5        EV:  9    Int:  7    God:
Gold:   182        SH:  5    Dex: 13    Spells: 4/4 levels left

rFire   . . .        a - +2 quarterstaff (chaos)
rCold   . . .        c - +0 buckler
rNeg    . . .        b - +0 scale mail
rPois   .            (helmet unavailable)
rElec   .            f - +0 cloak {Stlth+}
rCorr   .            (no gloves)
SInv    +            (no boots)
Will    .....        (no amulet)
Stlth   +            (no ring)
HPRegen 0.27/turn    (no ring)
MPRegen 0.09/turn

%: no passive effects
@: mighty
A: permanent stasis, dig shafts and tunnels, antennae 3, four strong arms
a: Dig, Shaft Self


You were on level 4 of the Dungeon.
You visited 1 branch of the dungeon, and saw 4 of its levels.

You collected 182 gold pieces.

Inventory:

Hand Weapons
 a - a +2 quarterstaff of chaos (weapon)
Armour
 b - a +0 scale mail (worn)
 c - a +0 buckler (worn)
 f - a +0 cloak of stealth (worn)
Jewellery
 k - a +4 ring of protection
Wands
 m - a wand of polymorph (12)
Scrolls
 e - 4 scrolls of teleportation {unknown}
 g - a scroll of identify {unknown}
 l - a scroll of vulnerability {unknown}
 o - a scroll of enchant weapon {unknown}
 p - a scroll of amnesia {unknown}
 r - 2 scrolls of poison {unknown}
Potions
 d - a potion of might
 h - a potion of heal wounds {unknown}
 i - a potion of curing {unknown}
 j - a potion of flight {unknown}
 n - a potion of mutation {unknown}
 q - a potion of lignification {unknown}


   Skills:
 + Level 4.3 Fighting
 + Level 3.2 Staves
 + Level 4.3 Armour
 + Level 5.2 Shields


You had 4 spell levels left.
You didn't know any spells.
Your spell library contained the following spells:

 Spells                   Type           Power      Damage    Failure   Level
 Gell's Gravitas          Tloc           0%         N/A       99%         3
 Teleport Other           Tloc           0%         N/A       99%         3
 Dispersal                Tloc           0%         N/A       100%        6


Dungeon Overview and Level Annotations

Branches:
Dungeon (4/15)
 Temple: D:4-7

Altars:
Hepliaklqana

Shops:
D:3 (


Innate Abilities, Weirdness & Mutations

You cannot be hasted, slowed, berserked, paralysed or teleported.
You can dig through walls and to a lower floor.
You have a pair of large antennae on your head. (SInv)
Your four strong arms can wield two-handed weapons with a shield.


Message History

The worm is almost dead.
The worm bites you but does no damage.
You hit the worm. You burn the worm.
The worm is almost dead.
You block the worm's attack.
You barely miss the worm.
The worm is almost dead.
The worm completely misses you.
You hit the worm. You burn the worm.
You kill the worm!
You start waiting.
A quokka comes into view.
A quokka is nearby!
A quokka is nearby!
You miss the quokka. The quokka bites you.
The quokka bites you but does no damage.
You closely miss the quokka. You block the quokka's attack.
You hit the quokka. Lightning courses through the quokka!
You kill the quokka!
HP restored.
r - 2 scrolls labelled FULE DOOGREMU (gained 1)
d - 2 potions of might (gained 1)
You sense a monster nearby.
A ball python comes into view.
The ball python hisses angrily.
An ogre comes into view. It is wielding a +0 giant spiked club.
The ball python moves out of view.
An ogre is nearby!
The ogre shouts!
You hit the ball python. You burn the ball python.
You kill the ball python!
Okay, then.
You feel very mighty all of a sudden.
The ogre hits you with a +0 giant spiked club!!
Ouch! That really hurt!
You sock the ogre! You burn the ogre.
The ogre is severely wounded.
The ogre hits you with a +0 giant spiked club!!
Ouch! That really hurt!
You die...

#.#..## #....##
.#..#..###
#....##...#
.......####.#
.####.....#.###
..# #.#...# #.#
#..#### #. ##@#
#O# ..# ....
#.... #.....
######


You could see an ogre.

Vanquished Creatures
  Crazy Yiuf (D:2)
  An orc priest (D:3)
  4 adders
  2 worms
  2 dart slugs
  4 orcs (D:3)
  2 bats
  5 endoplasms
  4 giant cockroaches (D:1)
  6 goblins
  5 hobgoblins
  2 jackals (D:3)
  4 quokkas
  9 ball pythons
  3 frilled lizards
  4 kobolds
  6 rats
64 creatures vanquished.

Notes
Turn   | Place    | Note
-------+----------+-------------------------------------------
     0 | D:1      | Ivernyr the Formicid Fighter began the quest for the Orb.
     0 | D:1      | Reached XP level 1. HP: 18/18 MP: 1/1
   357 | D:1      | Reached XP level 2. HP: 24/24 MP: 2/2
   787 | D:1      | Reached XP level 3. HP: 28/29 MP: 3/3
  1381 | D:2      | Reached XP level 4. HP: 37/37 MP: 4/4
  1534 | D:2      | Found a runed translucent door.
  1535 | D:2      | Noticed Crazy Yiuf
  1540 | D:2      | Killed Crazy Yiuf
  1688 | D:3      | Identified the +9 short sword of Jihul {heavy, Str+3}
  1756 | D:3      | Reached XP level 5. HP: 42/42 MP: 5/5
  1797 | D:3      | Found a hazy altar of Hepliaklqana.
  1902 | D:3      | Reached skill level 5 in Shields
  2134 | D:3      | Found Wuicses's Antique Weapon Boutique.
  2350 | D:4      | Noticed an ogre
  2355 | D:4      | Mangled by an ogre

Illustrated notes

Levels and vault maps discovered:
D:1:      dpeg_arrival_court, layout_basic, minmay_misc_feat_enclosed,
          minmay_worlds_worst_comb
D:2:      layout_loops_ring, uniq_crazy_yiuf_cottage
D:3:      layout_basic, nicolae_hepliaklqana_hazy_memory, serial_shops,
          nicolae_lakefront_shop
D:4:      layout_rooms, minmay_temple_entry_fiery, minmay_tree_intersection

Skill      XL: |  1  2  3  4  5 |
---------------+----------------+-----
Armour         | 4 |  4.3
Fighting       | 4 |  4.3
Shields        | 5 |  5.2
Staves         | 3 |  3.2

Action                     |  1- 3 |  4- 6 || total
---------------------------+-------+-------++-------
  Melee: Quarterstaff      |    87 |    61 ||   148
    Use: Potion            |       |     2 ||     2
   Stab: Confused          |       |     1 ||     1
 Armour: Scale mail        |    40 |    23 ||    63
  Dodge: Dodged            |    36 |    28 ||    64
  Block: Buckler           |    29 |    12 ||    41
